 Dungeon Crawl Stone Soup version 0.28.0-53-g5a82cb258f (webtiles) character file.

Game seed: 15502476141232785873

576 Stomo the Fortune-Teller (level 7, -10/52 HPs)
             Began as a Demonspawn Gladiator on July 4, 2022.
             Was a Believer of Nemelex Xobeh.
             Mangled by an ogre
             ... wielding a +0 giant club
              (18 damage)
             ... on level 4 of the Dungeon.
             The game lasted 00:04:10 (3993 turns).

Stomo the Fortune-Teller (Demonspawn Gladiator)     Turns: 3993, Time: 00:04:11

Health: -10/52     AC:  5    Str: 16    XL:     7   Next: 13%
Magic:  12/12      EV: 12    Int: 10    God:    Nemelex Xobeh [**....]
Gold:   195        SH:  0    Dex: 14    Spells: 6/6 levels left

rFire   . . .      SeeInvis .   a - +0 flail
rCold   . . .      Faith    .   (no shield)
rNeg    . . .      Spirit   .   b - +0 leather armour
rPois   .          Reflect  .   c - +0 helmet
rElec   .          Harm     .   m - +0 cloak
rCorr   .          Rampage  .   (no gloves)
Will    .....                   (no boots)
Stlth   +.........              (no amulet)
HPRegen 0.17/turn               (no ring)
MPRegen 0.13/turn               (no ring)

@: elixired
A: hooves 2
a: Renounce Religion, Draw Escape, Draw Destruction, Draw Summoning


You were on level 4 of the Dungeon.
You worshipped Nemelex Xobeh.
Nemelex Xobeh was pleased with you.
You visited 1 branch of the dungeon, and saw 4 of its levels.

You collected 195 gold pieces.

Inventory:

Hand Weapons
 a - a +0 flail (weapon)
Missiles
 d - 3 throwing nets (quivered)
Armour
 b - a +0 leather armour (worn)
 c - a +0 helmet (worn)
 m - a +0 cloak (worn)
Jewellery
 j - an amulet of reflection
Wands
 h - a wand of iceblast (7)
Scrolls
 e - a scroll of immolation {unknown}
 g - a scroll of identify
Potions
 f - a potion of heal wounds {unknown}
 i - a potion of lignification {unknown}


   Skills:
 + Level 3.2 Fighting
 + Level 3.5 Maces & Flails
 - Level 1.7 Throwing
 + Level 2.0 Armour
 + Level 3.4 Dodging
 * Level 7.3 Invocations


You had 6 spell levels left.
You didn't know any spells.
Your spell library contained the following spells:

 Spells                   Type           Power      Damage    Failure   Level
 Static Discharge         Conj/Air       0%         N/A       56%         2
 Dispel Undead            Necr           0%         3d6       99%         4
 Fulminant Prism          Conj/Hex       0%         3d6       99%         4
 Iskenderun's Mystic Bla  Conj/Tloc      0%         2d3       99%         4
 Sticky Flame             Conj/Fire      0%         2d3       99%         4
 Lee's Rapid Deconstruct  Erth           0%         3d5*      100%        5


Dungeon Overview and Level Annotations

Branches:
Dungeon (4/15)
 Temple: D:4-7

Altars:
Elyvilon
Nemelex Xobeh
Vehumet
Wu Jian
The Shining One


Innate Abilities, Weirdness & Mutations

You have hoof-like feet.


Message History

You hit the goblin. You kick the goblin.
You kill the goblin!
You see here a +0 dagger.
You barely miss the orc. You kick the orc.
The orc is lightly wounded.
The orc completely misses you.
An orc is nearby!
An orc is nearby!
An orc is nearby!
An orc is nearby!
You barely miss the orc.
The orc is lightly wounded.
The orc misses you.
You hit the orc but do no damage. Your kick misses the orc.
The orc is lightly wounded.
The orc misses you.
You hit the orc.
The orc is almost dead.
The orc hits you with a +0 flail.
An ogre comes into view. It is wielding a +0 giant club.
You hit the orc.
You kill the orc!
The ogre hits you with a +0 giant club!!
You are too injured to fight recklessly!
You are too injured to fight recklessly!
You are too injured to fight recklessly!
You are too injured to fight recklessly!
An ogre is nearby!
An ogre is nearby!
An ogre is nearby!
Unknown command.
Okay, then.
You barely miss the ogre.
The ogre hits you with a +0 giant club!!
* * * LOW HITPOINT WARNING * * *
You draw a card...
You have drawn the Elixir.
You begin rapidly regenerating health and magic.
The ogre hits you with a +0 giant club!!
You die...
Your body disappears without a glow.

..... ##. ...... ###..
...... ....# ......
...###...... #
##.......# ###.
#....O..## ..####
#...##...@....##...#..
.....................
.......).........#.#
.......)).#####....#
........### ##.....#
........#####......####
..............†.......#
..............)........
.............^.........


You could see an ogre.

Vanquished Creatures
  Grinder (D:3)
  2 ogres (D:3)
  A scorpion (D:2)
  A howler monkey (D:2)
  Ijyb (D:3)
  3 adders
  An adder skeleton (D:4)
  2 dart slugs
  5 orcs
  3 bats
  3 endoplasms
  6 giant cockroaches
  6 hobgoblins
  5 ball pythons
  3 frilled lizards
  9 goblins
  5 kobolds
  3 rats (D:1)
  A spectral goblin (D:2)
61 creatures vanquished.

Notes
Turn   | Place    | Note
-------+----------+-------------------------------------------
     0 | D:1      | Stomo the Demonspawn Gladiator began the quest for the Orb.
     0 | D:1      | Reached XP level 1. HP: 16/16 MP: 1/1
   170 | D:1      | Gained mutation: You have large cloven feet. [demonic
                  | ancestry]
   170 | D:1      | Reached XP level 2. HP: 22/22 MP: 2/2
   590 | D:1      | Reached skill level 1 in Armour
  1033 | D:2      | Found a faded altar of an unknown god.
  1040 | D:2      | Reached XP level 3. HP: 28/28 MP: 3/3
  1044 | D:2      | Prayed at the altar of an unknown god.
  1044 | D:2      | Became a worshipper of Nemelex Xobeh the Trickster
  1044 | D:2      | Reached * piety under Nemelex Xobeh
  1044 | D:2      | Received a gift from Nemelex Xobeh
  1104 | D:2      | Noticed Sigmund
  1107 | D:2      | Noticed Sigmund
  1107 | D:2      | Sigmund changed into Sigmund the howler monkey
  1114 | D:2      | Killed Sigmund the howler monkey
  1115 | D:2      | Reached skill level 1 in Invocations
  1115 | D:2      | Reached XP level 4. HP: 21/34 MP: 3/5
  1250 | D:2      | Noticed a scorpion
  1261 | D:2      | Killed a scorpion
  1262 | D:2      | Reached skill level 2 in Invocations
  1577 | D:2      | You fall into a shaft and drop 2 floors!
  1629 | D:3      | Noticed Ijyb
  2019 | D:2      | Reached XP level 5. HP: 40/40 MP: 5/7
  2315 | D:2      | Reached ** piety under Nemelex Xobeh
  2469 | D:2      | Received a gift from Nemelex Xobeh
  2523 | D:3      | Noticed Grinder
  2524 | D:3      | Killed Grinder
  2525 | D:3      | Reached skill level 6 in Invocations
  2525 | D:3      | Gained mutation: You have hoof-like feet. [demonic
                  | ancestry]
  2525 | D:3      | Reached XP level 6. HP: 46/46 MP: 7/10
  2893 | D:3      | Found a radiant altar of Vehumet.
  2894 | D:3      | Found an ornate altar of the Wu Jian Council.
  3094 | D:3      | Reached skill level 7 in Invocations
  3236 | D:3      | Reached XP level 7. HP: 26/52 MP: 12/12
  3804 | D:3      | Killed Ijyb
  3976 | D:4      | Received a gift from Nemelex Xobeh
  3993 | D:4      | Mangled by an ogre

Illustrated notes

Levels and vault maps discovered:
D:1:      psy_arrival_radial01, layout_loops_ring, minmay_tree_intersection,
          chequers_serial_rivers_small_3, minmay_pentomino_o2
D:2:      layout_basic, dreamdust_ecumenical_altar_drowned_temple,
          minmay_misc_feat_nine_boxes, uniq_sigmund
D:3:      layout_basic, chequers_temple_overflow_statue_of_worship,
          uniq_grinder, uniq_ijyb
D:4:      layout_cave_pools, uniq_eustachio, uniq_crazy_yiuf_cottage

Skill      XL: |  1  2  3  4  5  6  7 |
---------------+----------------------+-----
Armour         | 1 2 |  2.0
Dodging        | 3 |  3.4
Maces & Flails | 3 |  3.5
Invocations    | 1 2 6 7 |  7.3
Fighting       | 3 |  3.2
Throwing       | |  1.7

Action                   |  1- 3 |  4- 6 |  7- 9 || total
-------------------------+-------+-------+-------++-------
Melee: Flail             |    61 |    57 |    38 ||   156
       Kick              |    16 |    14 |     6 ||    36
Invok: Draw Destruction  |     1 |     5 |       ||     6
       Draw Escape       |       |       |     1 ||     1
  Use: Scroll            |     1 |       |     4 ||     5
 Stab: Sleeping          |     1 |       |       ||     1
Armor: Leather armour    |    19 |    12 |    13 ||    44
Dodge: Dodged            |    35 |    50 |    28 ||   113
